 Dungeon Crawl Stone Soup version 0.30.1-3-gfc49f6343a (webtiles) character file.

Game seed: 9330150680178469503

107 shmup the Firebug (level 4, -4/24 HPs)
             Began as a Tengu Fire Elementalist on Aug 5, 2023.
             Killed by divine providence
             ... invoked by an orc priest
              (11 damage)
             ... on level 3 of the Dungeon.
             The game lasted 00:05:16 (2630 turns).

shmup the Firebug (Tengu Fire Elementalist)         Turns: 2630, Time: 00:05:16

Health: -4/24      AC:  2    Str:  9    XL:     4   Next: 85%
Magic:  0/8        EV: 12    Int: 17    God:
Gold:   54         SH:  0    Dex: 14    Spells: 4/7 levels left

rFire   . . .        m - +0 spear (freeze)
rCold   . . .        (no shield)
rNeg    . . .        a - +0 robe
rPois   .            q - +0 hat
rElec   .            (no cloak)
rCorr   .            (no gloves)
SInv    .            (boots unavailable)
Will    .....        (no amulet)
Stlth   ++           (no ring)
HPRegen 0.24/turn    (no ring)
MPRegen 0.11/turn

%: no passive effects
@: very slightly contaminated
A: beak, talons 3
a: no special abilities


You were on level 3 of the Dungeon.
You visited 1 branch of the dungeon, and saw 3 of its levels.

You collected 54 gold pieces.

Inventory:

Hand Weapons
 e - a +0 dagger
 m - a +0 spear of freezing (weapon)
Missiles
 c - 13 stones (quivered)
 g - 2 poisoned darts
 s - 3 boomerangs
Armour
 a - a +0 robe (worn)
 q - a +0 hat (worn)
Magical Staves
 p - a staff of air
 r - a staff of conjuration
Scrolls
 d - 2 scrolls of magic mapping
 i - 2 scrolls of teleportation
 j - a scroll of amnesia {unknown}
 l - a scroll of fog {unknown}
 n - a scroll of noise {unknown}
 o - 2 scrolls of identify {unknown}
Potions
 b - a potion of magic
 f - 3 potions of lignification {unknown}
 h - a potion of ambrosia {unknown}
 k - a potion of curing {unknown}


   Skills:
 - Level 2.1 Dodging
 - Level 2.0 Stealth
 - Level 2.0 Spellcasting
 + Level 3.5 Conjurations
 * Level 5.2 Fire Magic


You had 4 spell levels left.
You knew the following spells:

 Your Spells              Type           Power      Damage    Failure   Level
a - Foxfire               Conj/Fire      64%        2x1d7     3%          1
b - Scorch                Fire           38%        2d6       3%          2

Your spell library contained the following spells:

 Spells                   Type           Power      Damage    Failure   Level
 Inner Flame              Hex/Fire       10%        N/A       21%         3
 Volatile Blastmotes      Fire/Tloc      20%        2d11      21%         3
 Flame Wave               Conj/Fire      16%        2d7       32%         4


Dungeon Overview and Level Annotations

Branches:
Dungeon (3/15) Zot: 15368

Altars:
Fedhas

Annotations:
D:3 exclusion: orc priest


Innate Abilities, Weirdness & Mutations

You have a beak for a mouth.
You have claws for feet.


Message History

An orc priest is nearby!
Found 3 stones.
The orc priest shouts!
You hear a shout!
Casting: Foxfire (safe; 3% risk of failure)
Confirm with . or Enter, or press ? or * to list all spells.
Flames lash the orc priest.
The orc priest is moderately wounded.
The orc priest's fire resistance burns away.
Casting: Scorch (safe; 3% risk of failure)
Confirm with . or Enter, or press ? or * to list all spells.
Flames lash the orc priest but do no damage.
The orc priest miscasts a cantrip.
Casting: Scorch (safe; 3% risk of failure)
Confirm with . or Enter, or press ? or * to list all spells.
Flames lash the orc priest.
The orc priest is burned terribly!
The orc priest is heavily wounded.
Casting: Scorch (safe; 3% risk of failure)
Confirm with . or Enter, or press ? or * to list all spells.
You miscast Scorch.
You are very lightly contaminated with residual magic.
Nothing appears to happen.
The orc priest hits you with a +0 hand axe.
Unknown command.
You hit the orc priest. You freeze the orc priest.
You peck the orc priest, but do no damage.
The orc priest is almost dead.
The orc priest invokes the aid of Beogh against you.
Beogh smites you!
* * * LOW HITPOINT WARNING * * *
Unknown command.
You barely miss the orc priest.
The orc priest is almost dead.
The orc priest hits you with a +0 hand axe.
* * * LOW HITPOINT WARNING * * *
You hit the orc priest but do no damage.
The orc priest is almost dead.
The orc priest is no longer more vulnerable to fire.
The orc priest invokes the aid of Beogh against you.
Beogh smites you!
You die...

▒▒▒▒▒▒▒.▒
▒.▒▒▒▒▒▒▒▒
▒▒........▒
▒...▒▒▒▒▒.▒▒▒▒▒▒
▒▒▒...▒▒▒
▒......▒
▒▒▒▒....>..▒
▒▒▒▒▒▒.▒
...........▒ ▒.▒
▒▒▒▒.......▒ ▒.▒
▒▒▒Q..▒▒▒ ▒.▒
▒o..▒ ▒.▒ ▒.▒▒▒
▒)▒ ▒)▒ ▒.▒ ...
..( ▒.▒ ..▒ ▒▒▒▒
▒.▒▒▒ ..▒▒ ▒....
..o ▒▒▒▒▒ ..
.....


You could see an orc priest.

Vanquished Creatures
  5 adders
  A worm (D:2)
  3 dart slugs (D:1)
  An orc (D:3)
  6 endoplasms
  3 giant cockroaches
  7 goblins
  5 hobgoblins
  3 jackals
  5 ball pythons
  A bat (D:2)
  4 frilled lizards
  5 kobolds
  2 rats
51 creatures vanquished.

Vanquished Creatures (others)
  104 foxfires
104 creatures vanquished.

Grand Total: 155 creatures vanquished

Notes
Turn   | Place    | Note
-------+----------+-------------------------------------------
     0 | D:1      | shmup the Tengu Fire Elementalist began the quest for the
                  | Orb.
     0 | D:1      | Reached XP level 1. HP: 10/10 MP: 4/4
    87 | D:1      | Reached XP level 2. HP: 15/15 MP: 3/6
   443 | D:1      | Reached skill level 4 in Fire Magic
   589 | D:1      | Reached XP level 3. HP: 14/19 MP: 1/7
  1015 | D:2      | Learned a level 2 spell: Scorch
  1100 | D:2      | Found a blossoming altar of Fedhas.
  1478 | D:2      | Reached XP level 4. HP: 24/24 MP: 6/8
  2065 | D:2      | Reached skill level 5 in Fire Magic
  2630 | D:3      | Killed from afar by an orc priest

Illustrated notes

Levels and vault maps discovered:
D:1:      spicycebolla_arrival_xxxplode, layout_loops_ring,
          reono_crystal_passage, st_stairs_2
D:2:      layout_loops_ring, basic_altar
D:3:      layout_loops_ring, general_overflow_altar

Skill      XL: |  1  2  3  4 |
---------------+-------------+-----
Conjurations   | 2 3 |  3.5
Fire Magic     | 4 5 |  5.2
Dodging        | |  2.1
Stealth        | |  2.0
Spellcasting   | |  2.0

Action                     |  1- 3 |  4- 6 || total
---------------------------+-------+-------++-------
  Melee: Dagger            |    13 |       ||    13
         Kick              |     3 |     1 ||     4
         Peck              |     1 |     2 ||     3
         Spear             |       |     7 ||     7
         Punch             |       |     1 ||     1
   Cast: Foxfire           |    45 |    22 ||    67
         Scorch            |     6 |    10 ||    16
    Use: Scroll            |     1 |     1 ||     2
 Armour: Robe              |    10 |     2 ||    12
  Dodge: Dodged            |    35 |     2 ||    37
